 Dungeon Crawl Stone Soup version 0.31-a0-1447-g87ca8d402b (webtiles) character file.

Game seed: 7143685153071698921

78281 Atlas the Thaumaturge (level 15, -4/95 HPs)
             Began as a Demonspawn Fire Elementalist on Dec 28, 2023.
             Was a High Priest of Vehumet.
             Slain by experimilk's ghost (30 damage)
             ... on level 5 of the Lair of Beasts.
             The game lasted 00:49:49 (27398 turns).

Atlas the Thaumaturge (DsFE)                       Turns: 27398, Time: 00:49:49

Health: -4/95      AC: 16    Str: 10    XL:     15   Next: 17%
Magic:  2/41       EV: 13    Int: 27    God:    Vehumet [*****.]
Gold:   1310       SH: 14    Dex: 14    Spells: 6/41 levels left

rFire   + + .        H - +8 trident of the Octopus King {venom, rElec rPois}
rCold   + . .        V - +0 buckler
rNeg    . . .        d - +2 leather armour of Parlour Games {rPois Will++ Str+2 SInv}
rPois   +            (helmet unavailable)
rElec   +            I - scarf {rC+ rF+}
rCorr   .            L - +1 pair of gloves "Vetsoumu" {rElec rC+ Int+4}
SInv    +            i - +0 pair of boots
Will    +++..        c - amulet of reflection
Stlth   +++          m - ring of fire
HPRegen 0.35/turn    F - ring of magical power
MPRegen 0.27/turn

%: reflection
@: no status effects
A: horns 3, thin metallic scales 3, icemail 1, condensation shield, demonic
magic 2
a: Renounce Religion


You were on level 5 of the Lair of Beasts.
You worshipped Vehumet.
Vehumet was extremely pleased with you.
You visited 3 branches of the dungeon, and saw 21 of its levels.
You visited 1 bazaar.
You also visited: Gauntlet.

You collected 1653 gold pieces.
You spent 343 gold pieces at shops.

Inventory:

Hand Weapons
 H - the +8 trident of the Octopus King (weapon) {venom, rElec rPois}
   (You found it on level 5 of the Lair of Beasts)

   rElec:     It insulates you from electricity.
   rPois:     It protects you from poison
Missiles
 t - 3 throwing nets
 O - 3 curare-tipped darts
Armour
 d - the +2 leather armour of Parlour Games (worn) {rPois Will++ Str+2 SInv}
   (You found it on level 4 of the Lair of Beasts)

   Str+2:     It affects your strength (+2).
   rPois:     It protects you from poison Will++: It greatly increases your
   willpower.
   SInv:      It lets you see invisible.
 i - a +0 pair of boots (worn)
 I - a scarf of resistance (worn)
 L - the +1 pair of gloves "Vetsoumu" (worn) {rElec rC+ Int+4}
   (You found it on level 2 of the Lair of Beasts)

   Int+4:     It affects your intelligence (+4).
   rC+:       It protects you from cold.
   rElec:     It insulates you from electricity.
 V - a +0 buckler (worn)
Magical Staves
 r - a staff of conjuration
Jewellery
 c - an amulet of reflection (around neck)
 m - a ring of fire (left hand)
 F - a ring of magical power (right hand)
 P - a ring of protection from cold
 Q - a ring of see invisible
 R - the ring "Itoerchap" {rElec EV+5 Dex+3}
   (You found it on level 5 of the Lair of Beasts)

   [ring of evasion]

   EV+5:      It affects your evasion (+5).
   Dex+3:     It affects your dexterity (+3).
   rElec:     It insulates you from electricity.
 Y - a +4 ring of protection
Wands
 B - a wand of polymorph (2)
 E - a wand of iceblast (19)
 G - a wand of quicksilver (15)
 M - a wand of digging (7)
 S - a wand of charming (20)
 X - a wand of mindburst (20)
Scrolls
 f - 2 scrolls of amnesia
 g - 2 scrolls of silence
 j - 4 scrolls of brand weapon
 k - 2 scrolls of fog
 l - a scroll of torment
 n - 10 scrolls of teleportation
 o - 2 scrolls of blinking
 p - a scroll of summoning
 u - a scroll of poison
 y - 3 scrolls of immolation
 D - 3 scrolls of enchant armour
 K - 5 scrolls of vulnerability
 N - 2 scrolls of fear
 T - a scroll of revelation
 U - 2 scrolls of enchant weapon
 Z - 3 scrolls of identify
Potions
 a - a potion of haste
 b - 2 potions of magic
 e - 2 potions of berserk rage
 h - 2 potions of lignification
 q - 5 potions of brilliance
 s - 4 potions of heal wounds
 v - 4 potions of degeneration
 x - 2 potions of invisibility
 z - 4 potions of mutation
 A - 3 potions of attraction
 J - a potion of resistance
 W - 2 potions of enlightenment
Miscellaneous
 w - a lightning rod (4/4)
 C - a sack of spiders


   Skills:
 + Level 2.2 Fighting
 + Level 0.3(2.0) Polearms
 + Level 3.2(3.3) Staves
 + Level 0.5 Throwing
 + Level 3.4 Armour
 + Level 5.4 Dodging
 + Level 6.4 Stealth
 + Level 4.2 Shields
 + Level 13.9 Spellcasting
 + Level 12.5 Conjurations
 + Level 11.0 Fire Magic
 * Level 5.3 Ice Magic
 + Level 8.7 Earth Magic
 + Level 1.1 Evocations


You had 6 spell levels left.
You knew the following spells:

 Your Spells              Type           Power      Damage    Failure   Level
a - Scorch                Fire           100%       2d9       1%          2
b - Foxfire               Conj/Fire      100%       2x1d9     1%          1
c - Stone Arrow           Conj/Erth      100%       3d13      1%          3
d - Starburst             Conj/Fire      44%        6d12      1%          6
e - Bombard               Conj/Erth      33%        9d6       3%          6
f - Ozocubu's Refrigerat  Ice            23%        4d12      75%         7
g - Borgnjor's Vile Clut  Necr/Erth      21%        N/A       26%         5
h - Fireball              Conj/Fire      44%        3d18      1%          5

Your spell library contained the following spells:

 Spells                   Type           Power      Damage    Failure   Level
 Fulminant Prism          Conj/Alch      25%        3d14      1%          4
 Freeze                   Ice            100%       1d10      1%          1
 Sandblast                Erth           100%       2d20      1%          1
 Sting                    Conj/Alch      100%       1d9       1%          1
 Dazzling Flash           Conj/Hex       100%       N/A       1%          3
 Frozen Ramparts          Ice            94%        1d15      1%          3
 Hailstorm                Conj/Ice       61%        3d11      1%          3
 Inner Flame              Hex/Fire       64%        N/A       1%          3
 Passwall                 Erth           60%        N/A       1%          3
 Volatile Blastmotes      Fire/Tloc      100%       2d18      1%          3
 Brom's Barrelling Bould  Conj/Erth      66%        2d8       1%          4
 Flame Wave               Conj/Fire      89%        2d19      1%          4
 Lee's Rapid Deconstruct  Erth           30%        3d16*     1%          5
 Ensorcelled Hibernation  Hex/Ice        66%        N/A       2%          2
 Mercury Vapours          Alch/Air       36%        N/A       2%          2
 Apportation              Tloc           36%        N/A       5%          1
 Necrotise                Necr           76%        1d7       5%          1
 Summon Small Mammal      Summ           72%        N/A       5%          1
 Cigotuvi's Dreadful Rot  Necr/Alch/Air  36%        N/A       9%          2
 Animate Armour           Summ/Erth      84%        N/A       9%          4
 Vampiric Draining        Necr           19%        2d7       16%         3
 Olgreb's Toxic Radiance  Alch           18%        N/A       16%         4
 Gell's Gravitas          Tloc           18%        N/A       17%         3
 Swiftness                Air            18%        N/A       17%         3
 Teleport Other           Tloc           18%        N/A       17%         3
 Tukima's Dance           Hex            18%        N/A       17%         3
 Yara's Violent Unravell  Hex/Alch       9%         3d6       36%         5
 Animate Dead             Necr           19%        N/A       47%         4
 Dispel Undead            Necr           19%        3d11      47%         4
 Martyr's Knell           Necr/Summ      18%        N/A       47%         4
 Cause Fear               Hex            9%         N/A       50%         4
 Passage of Golubria      Tloc           18%        N/A       50%         4
 Summon Lightning Spire   Summ/Air       18%        N/A       50%         4
 Curse of Agony           Necr           19%        N/A       83%         5
 Sculpt Simulacrum        Ice/Alch       16%        N/A       96%         6
 Death Channel            Necr           9%         N/A       100%        6
 Dispersal                Tloc           9%         N/A       100%        6
 Lehudib's Crystal Spear  Conj/Erth      33%        10d8      71%         8
 Maxwell's Capacitive Co  Air            9%         ∞         100%        8
 Dragon's Call            Summ           9%         N/A       100%        9
 Polar Vortex             Ice            23%        12d3*     100%        9


Dungeon Overview and Level Annotations

Branches:
Dungeon (15/15)            Temple (1/1) D:6            Lair (5/5) D:11
  Swamp (0/4) Lair:2        Snake (0/4) Lair:3        Slime (0/5) Lair:4
    Orc (0/2) D:11         Vaults (0/5) D:13         Depths (0/4) D:15
Gauntlet (visited)

Altars:
Ashenzari
Cheibriados
Dithmenos
Fedhas
Gozag
Hepliaklqana
Kikubaaqudgha
Makhleb
Nemelex Xobeh
Okawaru
Qazlal
Ru
Sif Muna
Trog
Uskayaw
Vehumet
Wu Jian
Xom
Yredelemnul
Jiyva

Shops:
D:5 =   D:7 *=   D:12 :

Annotations:
D:4 2 transporters, ShellytheWitch's ghost, novice KoBr
D:10 2 transporters, Azoth's ghost, journeyman DsCK
Lair:5 experimilk's ghost, journeyman TrGl


Innate Abilities, Weirdness & Mutations

You have a pair of large horns on your head.
You are completely covered in thin metallic scales. (AC +4, rElec)
A meltable icy envelope protects you from harm. (AC +4)
A meltable shield of frost defends you. (SH +4)
Spells you cast may paralyse nearby enemies.


Message History

Casting: Starburst (dangerous; 1% risk of failure)
Press: ? - help, Dir - look around, f - activate You feel a surge of power!
The bolt of fire hits the wyvern!!
The wyvern is almost dead.
The bolt of fire hits experimilk's ghost!
Experimilk's ghost resists.
Experimilk's ghost is severely damaged.
Malevolent energies surge around you.
The wyvern suddenly stops moving!
Experimilk's ghost barely misses you.
Unknown command.
Casting: Starburst (dangerous; 1% risk of failure)
Confirm with . or Enter, or press ? or * to list all spells.
Aiming: Bombard (dangerous; 3% risk of failure)
Press: ? - help, Shift-Dir - straight line, f - experimilk's ghost
Aim: experimilk's ghost (severely damaged, 77% to hit)
The iron shot misses experimilk's ghost.
The blast sends you backwards. Malevolent energies surge around you.
Unknown command.
Casting: Bombard (dangerous; 3% risk of failure)
Confirm with . or Enter, or press ? or * to list all spells.
Aiming: Bombard (dangerous; 3% risk of failure)
Press: ? - help, Shift-Dir - straight line, f/p - experimilk's ghost
Aim: experimilk's ghost (severely damaged, 77% to hit)
The iron shot hits experimilk's ghost!!
Experimilk's ghost is almost destroyed.
The blast sends you backwards. Malevolent energies surge around you.
Unknown command.
You barely miss experimilk's ghost. You headbutt experimilk's ghost.
Experimilk's ghost is almost destroyed.
You block experimilk's ghost's attack.
You hit experimilk's ghost. You headbutt experimilk's ghost.
Experimilk's ghost is almost destroyed.
The wyvern is no longer paralysed.
Experimilk's ghost hits you!!!
* * * LOW HITPOINT WARNING * * *
The wyvern bites you.
* * * LOW HITPOINT WARNING * * *
You barely miss experimilk's ghost.
Experimilk's ghost is almost destroyed.
Experimilk's ghost hits you!!
You die...

#~~~~..##~~ #~~##....##.##....##
#~~##~~##~~##~~##...######....##
~~~~.~~.~.~.~~~~.~..## #......##
~##~~#.P..P..P..~....####.....#.#
## ##.#.............#..##........
# #.... .....................
##############...................
.##..###§....#.k.####..##........
.......#)~~~~'.W@#####.##........
.......#$....#..P.#...###........
##.##P.#######...................
#.###............................
### ##.................###.......
# #P................#.#.....P#. #
##.....P..#.#P..######...#### #
#..#.####.###..## ##..# #. #..###
#####..P# #..####


You could see a wyvern and experimilk's ghost.

Vanquished Creatures
  A very ugly thing (D:14)
  A stone giant (D:15)
  Nessos (Lair:4)
  A minotaur (Gauntlet)
  5 hydras
  Erolcha (D:9)
  Harold (D:9)
  An ogre mage (D:14)
  2 centaur warriors
  A merfolk avatar (Lair:5)
  A catoblepas (D:13)
  A boulder beetle (D:13)
  10 two-headed ogres
  A tengu warrior (D:13)
  A sixfirhy (Gauntlet)
  A wretched star (Gauntlet)
  9 skeletal warriors
  3 skysharks
  Lodul (D:14)
  A bog body (Lair:2)
  2 arcanists
  2 necromancers
  A harpy (Lair:5)
  An orc knight (D:12)
  2 deep elf pyromancers
  9 ugly things
  A wolf spider (D:14)
  2 manticores
  A cyclops (D:11)
  A smoke demon (Gauntlet)
  3 meliai (D:15)
  3 black mambas
  4 elephants (Lair:5)
  15 cane toads
  A torpor snail (Lair:4)
  2 unseen horrors
  A yaktaur (D:15)
  6 kobold demonologists
  6 rime drakes
  9 komodo dragons
  A tengu conjurer (D:13)
  10 trolls
  4 polar bears
  6 blink frogs
  2 wind drakes (Lair:5)
  5 dream sheep (Lair:4)
  A snapping turtle (Lair:5)
  17 slime creatures
  60 yaks
  2 vampires
  3 shadows
  A wraith (D:13)
  7 wyverns
  A hog (shapeshifter) (D:14)
  A basilisk (shapeshifter) (D:14)
  4 basilisks
  A steam dragon (D:6)
  3 vampire mosquitoes (D:13)
  A neqoxec (Gauntlet)
  3 nagas
  2 small abominations (Gauntlet)
  13 water moccasins
  5 orc warriors
  6 black bears
  2 sky beasts (D:7)
  5 boggarts (D:15)
  13 ogres
  9 wolves
  6 centaurs
  2 phantoms
  5 kobold brigands (D:12)
  11 bullfrogs
  2 gnoll sergeants
  3 scorpions
  5 wights (D:7)
  9 killer bees (D:9)
  3 bombardier beetles
  3 howler monkeys
  2 crimson imps (Gauntlet)
  5 hounds
  2 jellies
  2 gnoll boudas (D:9)
  An orc priest (D:11)
  7 orc wizards
  8 adders
  21 gnolls
  2 white imps (D:5)
  2 ufetubi (Gauntlet)
  3 worms
  4 dart slugs
  21 orcs
  10 ball pythons
  2 bats
  5 endoplasms
  6 goblins
  8 hobgoblins
  9 jackals
  14 kobolds
  2 quokkas
  2 frilled lizards (D:2)
  4 rats
495 creatures vanquished.

Vanquished Creatures (collateral kills)
  A foxfire (D:1)
1 creature vanquished.

Vanquished Creatures (others)
  An ogre mage (D:15)
  774 foxfires
775 creatures vanquished.

Grand Total: 1271 creatures vanquished

Notes
Turn   | Place    | Note
-------+----------+-------------------------------------------
     0 | D:1      | Atlas the Demonspawn Fire Elementalist began the quest for
                  | the Orb.
     0 | D:1      | Reached XP level 1. HP: 13/13 MP: 3/3
   206 | D:1      | Gained mutation: You are partially covered in thin metallic
                  | scales. (AC +2) [demonic ancestry]
   206 | D:1      | Reached XP level 2. HP: 15/19 MP: 1/5
  1295 | D:1      | Reached XP level 3. HP: 24/24 MP: 3/6
  1326 | D:1      | Found a faded altar of an unknown god.
  1479 | D:2      | Learned a level 2 spell: Scorch
  1690 | D:2      | Gained mutation: Spells you cast may paralyse adjacent
                  | enemies. [demonic ancestry]
  1690 | D:2      | Reached XP level 4. HP: 23/30 MP: 0/7
  2664 | D:3      | Reached XP level 5. HP: 35/35 MP: 4/9
  3480 | D:4      | Reached skill level 3 in Spellcasting
  3539 | D:4      | Found a transporter.
  3673 | D:4      | Noticed ShellytheWitch's ghost (novice KoBr)
  3673 | D:4      | Noticed a water moccasin
  3674 | D:4      | Found a transporter.
  3832 | D:4      | Noticed an ogre
  3835 | D:4      | Killed an ogre
  3836 | D:4      | Gained mutation: You have a pair of small horns on your
                  | head. [demonic ancestry]
  3836 | D:4      | Reached XP level 6. HP: 41/41 MP: 2/11
  4586 | D:5      | Entered Level 5 of the Dungeon
  4593 | D:5      | Reached skill level 4 in Spellcasting
  4600 | D:5      | Reached skill level 5 in Fire Magic
  4600 | D:5      | Reached XP level 7. HP: 41/46 MP: 0/13
  4905 | D:5      | Reached skill level 1 in Armour
  5046 | D:5      | Found Sideco's Jewellery Shop.
  5049 | D:5      | Noticed Pikel
  5071 | D:5      | Pikel changed into Pikel the cane toad
  5071 | D:5      | Noticed Pikel
  5269 | D:5      | Noticed Sigmund
  5271 | D:5      | Sigmund changed into Sigmund the jelly
  5271 | D:5      | Noticed Sigmund
  5275 | D:5      | Killed Sigmund the jelly
  5568 | D:5      | Identified the +3 leather armour "Masuhod" {Rampage rPois}
  5626 | D:5      | Pikel the cane toad changed into Pikel the rime drake
  5626 | D:5      | Noticed Pikel
  5643 | D:5      | Killed Pikel the rime drake
  5644 | D:5      | Reached skill level 1 in Staves
  5644 | D:5      | Reached skill level 5 in Spellcasting
  5644 | D:5      | Gained mutation: A meltable shield of frost defends you.
                  | (SH +4) [demonic ancestry]
  5644 | D:5      | Reached XP level 8. HP: 19/53 MP: 4/15
  6369 | D:6      | Found a staircase to the Ecumenical Temple.
  6568 | Temple   | Entered the Ecumenical Temple
  6577 | Temple   | Became a worshipper of Vehumet
  7087 | D:6      | Found an ancient bone altar of Kikubaaqudgha.
  7117 | D:6      | Found a burning altar of Makhleb.
  7160 | D:7      | Noticed Maurice
  7162 | D:7      | Maurice changed into Maurice the naga
  7162 | D:7      | Noticed Maurice
  7280 | D:7      | Killed Maurice the naga
  7281 | D:7      | Reached skill level 6 in Spellcasting
  7303 | D:7      | Reached XP level 9. HP: 58/58 MP: 1/18
  7306 | D:7      | Found Wunil's Jewellery Emporium.
  7625 | D:7      | Reached skill level 1 in Evocations
  7660 | D:7      | Reached * piety under Vehumet
  7660 | D:7      | Offered knowledge of Sandblast by Vehumet.
  7914 | D:7      | Reached skill level 1 in Fighting
  8008 | D:7      | Reached skill level 1 in Shields
  8052 | D:7      | Found Gozag's Platinum Reserve.
  8054 | D:7      | Found an opulent altar of Gozag.
  8117 | D:7      | Reached skill level 5 in Conjurations
  8331 | D:8      | Found a snail-covered altar of Cheibriados.
  8506 | D:8      | Found a hide-covered altar of Uskayaw.
  8716 | D:8      | Found a shimmering blue altar of Sif Muna.
  8798 | D:8      | Found a basalt altar of Yredelemnul.
  8807 | D:9      | Noticed Erolcha
  8815 | D:9      | Killed Erolcha
  8816 | D:9      | Reached skill level 7 in Spellcasting
  8986 | D:9      | Found a shadowy altar of Dithmenos.
  9042 | D:9      | Gained mutation: A meltable icy envelope protects you from
                  | harm. (AC +4) [demonic ancestry]
  9042 | D:9      | Reached XP level 10. HP: 58/65 MP: 13/21
  9092 | D:9      | Noticed Harold
  9257 | D:9      | Noticed a two-headed ogre
  9261 | D:9      | Killed a two-headed ogre
  9266 | D:9      | Learned a level 3 spell: Stone Arrow
  9362 | D:9      | Killed Harold
  9363 | D:9      | Reached skill level 8 in Spellcasting
  9771 | D:9      | Offered knowledge of Kiss of Death by Vehumet.
  9780 | D:9      | Reached ** piety under Vehumet
  9976 | D:9      | Reached skill level 1 in Earth Magic
 10163 | D:10     | Entered Level 10 of the Dungeon
 10380 | D:10     | Noticed a meliai
 10381 | D:10     | Found a transporter.
 10386 | D:10     | Found a transporter.
 10387 | D:10     | Noticed Azoth's ghost (journeyman DsCK)
 10393 | D:10     | Noticed a two-headed ogre
 10405 | D:10     | Killed a two-headed ogre
 10406 | D:10     | Reached skill level 5 in Stealth
 10757 | D:10     | Noticed a two-headed ogre
 10762 | D:10     | Killed a two-headed ogre
 10763 | D:10     | Gained mutation: You have a pair of horns on your head.
                  | [demonic ancestry]
 10763 | D:10     | Reached XP level 11. HP: 70/70 MP: 10/23
 11280 | D:10     | Found an iron altar of Okawaru.
 11308 | D:10     | Reached skill level 9 in Spellcasting
 11920 | D:11     | Offered knowledge of Momentum Strike by Vehumet.
 12053 | D:11     | Found a staircase to the Lair.
 12638 | D:11     | Noticed a two-headed ogre
 12642 | D:11     | Killed a two-headed ogre
 12856 | D:11     | Learned a level 6 spell: Starburst
 12953 | D:11     | Found a staircase to the Orcish Mines.
 12964 | D:11     | Reached *** piety under Vehumet
 13478 | D:12     | Reached skill level 10 in Spellcasting
 13621 | D:12     | Gained mutation: You are mostly covered in thin metallic
                  | scales. (AC +3) [demonic ancestry]
 13621 | D:12     | Reached XP level 12. HP: 78/78 MP: 8/26
 13867 | D:12     | You fall into a shaft and drop 2 floors!
 13955 | D:14     | Found a flickering gateway to a bazaar.
 13963 | Bazaar   | Entered a bazaar
 14099 | Bazaar   | Found Kiky's Antique Armour Boutique.
 14113 | Bazaar   | Found Pamniu's General Store.
 14141 | Bazaar   | Found Cittir Extu's Distillery.
 14155 | Bazaar   | Found Fiunis's General Store.
 14217 | Bazaar   | Bought a potion of mutation for 56 gold pieces
 14217 | Bazaar   | Bought a wand of quicksilver (5) for 147 gold pieces
 14261 | Bazaar   | Bought a potion of heal wounds for 70 gold pieces
 14261 | Bazaar   | Bought a potion of heal wounds for 70 gold pieces
 14406 | D:13     | Noticed a tengu warrior
 14509 | D:12     | Offered knowledge of Hailstorm by Vehumet.
 14514 | D:12     | Reached skill level 10 in Fire Magic
 15490 | D:12     | Reached skill level 11 in Spellcasting
 15589 | D:12     | Found Zottoceone's Book Shop.
 15845 | D:13     | Noticed a centaur warrior
 16000 | D:13     | Noticed a two-headed ogre
 16003 | D:13     | Killed a centaur warrior
 16005 | D:13     | Killed a two-headed ogre
 16125 | D:13     | Reached **** piety under Vehumet
 16263 | D:13     | Noticed a catoblepas
 16277 | D:13     | Killed a catoblepas
 16278 | D:13     | Reached skill level 5 in Earth Magic
 16370 | D:13     | Killed a tengu warrior
 16370 | D:13     | Offered knowledge of Iskenderun's Battlesphere by Vehumet.
 16534 | D:13     | Noticed a boulder beetle
 16542 | D:13     | Killed a boulder beetle
 16543 | D:13     | Gained mutation: Spells you cast may paralyse nearby
                  | enemies. [demonic ancestry]
 16543 | D:13     | Reached XP level 13. HP: 59/83 MP: 7/28
 16689 | D:13     | Found a gate to the Vaults.
 16697 | D:13     | Reached skill level 10 in Conjurations
 17036 | D:14     | Noticed Lodul
 17042 | D:14     | Killed Lodul
 17256 | D:14     | Reached skill level 12 in Spellcasting
 17792 | D:14     | Noticed a green very ugly thing
 17798 | D:14     | Killed a green very ugly thing
 18910 | D:15     | Entered Level 15 of the Dungeon
 18913 | D:15     | Found a staircase to the Depths.
 18913 | D:15     | Noticed a stone giant
 18924 | D:15     | Killed a stone giant
 19057 | D:15     | Reached skill level 5 in Dodging
 19240 | D:15     | Reached ***** piety under Vehumet
 19240 | D:15     | Offered knowledge of Bombard by Vehumet.
 19250 | D:15     | Learned a level 6 spell: Bombard
 19553 | D:15     | Gained mutation: You have a pair of large horns on your
                  | head. [demonic ancestry]
 19553 | D:15     | Reached XP level 14. HP: 90/90 MP: 22/30
 19671 | D:15     | Reached skill level 13 in Spellcasting
 20106 | D:11     | Learned a level 7 spell: Ozocubu's Refrigeration
 20171 | Lair:1   | Entered Level 1 of the Lair of Beasts
 20190 | Lair:1   | Found a gate leading to a gauntlet.
 20195 | Gauntlet | Entered a Gauntlet
 20195 | Gauntlet | Found a transporter.
 20206 | Gauntlet | Found a transporter.
 20208 | Gauntlet | Found a transporter.
 20210 | Gauntlet | Found a transporter.
 20212 | Gauntlet | Noticed a balrug
 20224 | Gauntlet | Found a transporter.
 20242 | Gauntlet | Found a transporter.
 20250 | Gauntlet | Found a transporter.
 20268 | Gauntlet | Found a transporter.
 20288 | Gauntlet | Found a transporter.
 20300 | Gauntlet | Found a transporter.
 20315 | Gauntlet | Found a transporter.
 20324 | Gauntlet | Found a transporter.
 20330 | Gauntlet | Found a transporter.
 20330 | Gauntlet | Found a transporter.
 20332 | Gauntlet | Found a transporter.
 20356 | Gauntlet | Found a transporter.
 20374 | Gauntlet | Found a transporter.
 20397 | Gauntlet | Found a transporter.
 20835 | Gauntlet | Identified the ring of Pokercha {^Drain Will- Int+7 Dex+6
                  | SInv}
 21113 | Gauntlet | Reached skill level 1 in Ice Magic
 22642 | Lair:2   | Identified the +1 pair of gloves "Vetsoumu" {rElec rC+
                  | Int+4}
 22977 | Lair:2   | Learned a level 5 spell: Borgnjor's Vile Clutch
 23068 | Lair:2   | Found a staircase to the Swamp.
 23702 | Lair:3   | Found a staircase to the Snake Pit.
 23715 | Lair:3   | Learned a level 5 spell: Fireball
 24738 | Lair:4   | Found a staircase to the Slime Pits.
 24738 | Lair:4   | Found a viscous altar of Jiyva.
 24989 | Lair:4   | Identified the +2 leather armour of Parlour Games {rPois
                  | Will++ Str+2 SInv}
 25096 | Lair:4   | Noticed Nessos
 25104 | Lair:4   | Killed Nessos
 25708 | Lair:5   | Entered Level 5 of the Lair of Beasts
 25739 | Lair:4   | Offered knowledge of Fulminant Prism by Vehumet.
 25740 | Lair:4   | Reached skill level 5 in Ice Magic
 25895 | Lair:5   | Gained mutation: You are completely covered in thin
                  | metallic scales. (AC +4, rElec) [demonic ancestry]
 25895 | Lair:5   | Reached XP level 15. HP: 95/95 MP: 6/32
 26306 | Lair:5   | Found a runed translucent door.
 26681 | Lair:5   | Found the +8 trident of the Octopus King {venom, rElec
                  | rPois}
 26714 | Lair:5   | Identified the ring "Itoerchap" {rElec EV+5 Dex+3}
 27383 | Lair:5   | Noticed experimilk's ghost (journeyman TrGl)
 27383 | Lair:5   | Found the +6 shillelagh "Devastator" {shatter}
 27398 | Lair:5   | Slain by experimilk's ghost

Illustrated notes

Levels and vault maps discovered:
D:1:      wander_arrival_estate, layout_loops_cross,
          shapermc_ecumenical_altar_hornbeckon
D:2:      kennysheep_six_static_rooms, layout_basic
D:3:      layout_loops_ring, minmay_crystal_water
D:4:      layout_gridville, amcnicky_altar_gilded, gammafunk_ghost_arena
D:5:      layout_cave_pods, serial_shops, shop, minmay_misc_feat_pillars,
          uniq_pikel, uniq_sigmund
D:6:      layout_basic, mainiacjoe_overflow_two_lobes,
          minmay_temple_entry_large_hall
D:7:      layout_gridville, nicolae_gozag_zags_fifth_avenue, serial_shops, shop,
          st_stairs_6, uniq_maurice
D:8:      layout_rooms, general_overflow_altar, lemuel_round_altar,
          nicolae_sif_muna_condensation, lemuel_round_altar
D:9:      layout_cross, nicolae_dithmenos_shadow_blocks, uniq_harold,
          uniq_erolcha
D:10:     layout_basic, okawaru_metal_pillars_3, gammafunk_ghost_hive
D:11:     layout_layer_cave, david_lair_generic, david_orc_1_choice
D:12:     layout_basic, serial_shops, shop
D:13:     layout_cave_pools, david_vaults_1
D:14:     layout_loops_corners, serial_shops, bzr_entry_water,
          minmay_misc_feat_roman, kb_rosetta, uniq_lodul
D:15:     grunt_enter_depths_giant_problem, layout_rooms, serial_park_tiny_2
Temple:   hellmonk_temple_flake
Lair:1:   layout_regular_city, gauntlet_entry_generic, beast_lair_carwin_11
Lair:2:   layout_cave_pods, skrybe_swamp_entry_bodies
Lair:3:   layout_long_grid, guppyfry_snake_entry_island,
          pdpol_lair_neglected_garden, grunt_megastairs_3
Lair:4:   layout_cave_shapes, slime_entry_1, lookout_lair_type, uniq_nessos
Lair:5:   gammafunk_lair_ancient_temple, layout_small_grid,
          ebering_ghost_reflecting_pool, infiniplex_staircase_pool_2

Skill      XL: |  1  2  3  4  5  6  7  8  9 10 11 12 13 14 15 |
---------------+----------------------------------------------+-----
Fire Magic     | 3 4 5 6 7 8 9 10 11 | 11.0
Dodging        | 2 3 4 5 |  5.4
Stealth        | 2 3 4 5 6 |  6.4
Spellcasting   | 3 4 5 6 7 8 10 11 12 13 | 13.9
Conjurations   | 2 4 5 7 8 9 11 12 | 12.5
Armour         | 1 2 3 |  3.4
Staves         | 1 2 3 |  3.2
Evocations     | 1 |  1.1
Fighting       | 1 2 |  2.2
Shields        | 1 2 3 4 |  4.2
Earth Magic    | 1 3 5 7 8 |  8.7
Ice Magic      | 5 |  5.3
Polearms       | |  0.3
Throwing       | |  0.5

Action                     |  1- 3 |  4- 6 |  7- 9 | 10-12 | 13-15 || total
---------------------------+-------+-------+-------+-------+-------++-------
  Melee: Unarmed           |    38 |       |       |       |       ||    38
         Punch             |     1 |       |     2 |     3 |       ||     6
         Staff             |       |     9 |    52 |    82 |    12 ||   155
         Headbutt          |       |     1 |     5 |    31 |     4 ||    41
         Trident           |       |       |       |       |    14 ||    14
  Throw: Dart              |       |       |     3 |     1 |       ||     4
   Cast: Foxfire           |    74 |    61 |   178 |   126 |     3 ||   442
         Scorch            |     1 |    35 |    67 |    59 |    17 ||   179
         Stone Arrow       |       |       |       |   193 |   219 ||   412
         Starburst         |       |       |       |    17 |    46 ||    63
         Bombard           |       |       |       |       |    82 ||    82
         Fireball          |       |       |       |       |     6 ||     6
         Borgnjor's Vile C |       |       |       |       |     1 ||     1
  Evoke: Wand              |       |       |     6 |     1 |     3 ||    10
         Sack of spiders   |       |       |       |       |     1 ||     1
    Use: Potion            |       |       |     4 |       |     5 ||     9
         Scroll            |       |       |     1 |    18 |     9 ||    28
   Stab: Paralysed         |       |     5 |    14 |    15 |     2 ||    36
 Armour: Robe              |    36 |     1 |       |       |       ||    37
         Leather armour    |       |     6 |    19 |       |    77 ||   102
         Steam dragon scal |       |       |    27 |    94 |    21 ||   142
         Ring mail         |       |       |       |       |    31 ||    31
  Dodge: Dodged            |    50 |    12 |    50 |    73 |    79 ||   264
  Block: Other             |     9 |     2 |    27 |    66 |       ||   104
         Reflection        |       |       |     1 |     5 |    13 ||    19
         Buckler           |       |       |       |       |   112 ||   112

Table legend: (Time is in decaauts)
 A = Elapsed time spent in this place.
 B = Non-inter-level travel time spent in this place.
 C = Inter-level travel time spent in this place.
 D = Time resting spent in this place.
 E = Time spent auto-exploring this place.
 F = Levels seen in this place.
 G = Mean time per level.
                   A        B        C        D        E       F      G
               +--------+--------+--------+--------+--------+-----+--------+
         Total |  27460 |  26496 |    964 |   2374 |  19909 |  23 | 1193.9 |
       Dungeon |  19758 |  18993 |    765 |   1558 |  14645 |  15 | 1317.2 |
        Temple |     18 |      1 |     17 |      0 |      0 |   1 |   18.0 |
          Lair |   6289 |   6107 |    182 |    556 |   4873 |   5 | 1257.8 |
        Bazaar |    393 |    393 |      0 |     20 |    201 |   1 |  393.0 |
      Gauntlet |    999 |    999 |      0 |    240 |    190 |   1 |  999.0 |
               +--------+--------+--------+--------+--------+-----+--------+

Top non-repeatable levels by time:
    D:14: 2395 daAuts
    D:11: 2078 daAuts
    D:12: 1828 daAuts
    D:10: 1434 daAuts
     D:5: 1432 daAuts
     D:1: 1385 daAuts
  Lair:5: 1377 daAuts
  Lair:4: 1342 daAuts
  Lair:2: 1253 daAuts
     D:4: 1225 daAuts
  Lair:3: 1220 daAuts
     D:6: 1146 daAuts
     D:2: 1129 daAuts
     D:7: 1096 daAuts
  Lair:1: 1095 daAuts
